Rimouski Oceanic vs Lowell Devils

Created - 26 mars 2020 at 19:45

Goals
1 2 3 OT1 SO T
Rimouski Oceanic 0 2 3 0 1 6
Lowell Devils 1 1 3 0 0 5
Shots
1 2 3 OT1 SO T
Rimouski Oceanic 2 12 10 2 3 26
Lowell Devils 15 9 13 2 3 39

1st period

1. Lowell Devils , Andrew Mangiapane 31 (Cooper Marody 88) at 8:43

Penalties :
Vitaly Abramov (DEV) for Hooking (Minor) at 19:32

2nd period

2. Rimouski Oceanic , Reid Duke 8 (Steven Fogarty 8) at 1:44
3. Rimouski Oceanic , Ryan Dmowski 21 (Felix Girard 23) at 5:59
4. Lowell Devils , Cooper Marody 66 (Andrew Mangiapane 66, Carl Grundstrom 38) at 19:06

Penalties :
Dylan Coghlan (DEV) for Boarding (Major) at 7:51

3rd period

5. Lowell Devils , Gustav Forsling 8 (Adam Gaudette 55, Sven Andrighetto 51) at 5:38 (PP)
6. Lowell Devils , Matthew Phillips 23 (Sheldon Rempal 19, Vitaly Abramov 10) at 6:52
7. Rimouski Oceanic , Nick Paul 28 (Riley Barber 53, Connor Clifton 11) at 7:09
8. Rimouski Oceanic , Connor Carrick 17 (Ryan Dmowski 22, Connor Clifton 12) at 13:39 (PP)
9. Lowell Devils , Derek Barach 22 (Luca Sbisa 20, Vitaly Abramov 11) at 17:19
10. Rimouski Oceanic , Riley Barber 47 (Connor Carrick 45) at 19:20

Penalties :
Reid Duke (OCE) for Roughing (Minor) at 5:03, Bogdan Kiselevich (DEV) for Cross-checking (Minor) at 12:33, Felix Girard (OCE) for Roughing (Minor) at 14:40

Overtime #1

No Goal

Penalties :
No Penalty

Shootout

Rimouski Oceanic, Riley Barber - Stopped by Max Lagace
Lowell Devils, Carl Grundstrom - Stopped by Chris Nell
Rimouski Oceanic, Nick Paul - Shot Misses the Net
Lowell Devils, Andrew Mangiapane - Stopped by Chris Nell
Rimouski Oceanic, Felix Girard - Goal!
Lowell Devils, Cooper Marody - Shot Misses the Net

Penalties :
No Penalty

Goalie Stats

Chris Nell (OCE), 34 saves from 39 shots - (0,872), W, 19-17-3, 64:40 minutes
Max Lagace (DEV), 21 saves from 26 shots - (0,808), OTL, 12-3-3, 65:00 minutes

Players Stats for Rimouski Oceanic

Player Name              G  A  P  +/- PIM S  H  SB GA TA FO     MP     PP MP  PK MP  
------------------------------------------------------------------------------------
Andreas Englund          0  0  0  -1  0   0  0  2  2  1  0/0    13:28   1:30   0:00 
Connor Carrick           1  1  2   1  0   3  2  1  0  0  0/0    28:19   4:04   1:31 
Connor Clifton           0  2  2   1  0   1  2  2  1  2  0/0    28:23   4:04   1:31 
Dan Renouf               0  0  0   0  0   0  0  1  0  1  0/0    20:26   2:56   1:03 
Deven Sideroff           0  0  0   1  0   2  0  0  0  1  1/3    23:00   3:24   0:37 
Felix Girard             0  1  1   0  2   2  2  1  1  1  10/15  25:56   2:58   0:00 
Jake Chelios             0  0  0   0  0   0  0  0  0  0  0/0     1:49   1:04   0:00 
Kyle Burroughs           0  0  0  -1  0   0  0  0  0  0  0/0     6:00   0:12   0:00 
Kyle Capobianco          0  0  0  -1  0   0  0  0  0  1  0/0     5:48   0:00   0:00 
Mark Alt                 0  0  0   0  0   0  0  0  0  1  0/0     9:32   0:31   0:00 
Nick Paul                1  0  1   1  0   4  0  1  1  0  1/1    27:21   3:22   1:36 
Reid Duke                1  0  1   0  2   1  2  0  1  1  2/5    15:01   1:18   0:00 
Riley Barber             1  1  2   1  0   5  3  2  2  1  17/28  28:02   3:27   1:36 
Ryan Dmowski             1  1  2  -1  0   5  0  0  1  1  0/1    23:19   2:49   0:09 
Ryan MacInnis            0  0  0  -1  0   2  0  1  0  1  3/8    25:22   2:57   0:28 
Steven Fogarty           0  1  1   0  0   1  0  1  0  0  0/1    12:36   1:25   0:42 
Taylor Fedun             0  0  0   0  0   0  0  4  0  0  0/0    20:31   2:56   1:03 
William Borgen           0  0  0   0  0   0  0  0  0  0  0/0     2:31   1:23   0:00 

Players Stats for Lowell Devils

Player Name              G  A  P  +/- PIM S  H  SB GA TA FO     MP     PP MP  PK MP  
------------------------------------------------------------------------------------
Adam Gaudette            0  1  1  -2  0   4  2  1  4  1  4/14   18:43   1:16   2:22 
Andrew Mangiapane        1  1  2   0  0   4  3  1  0  0  15/29  23:18   1:14   3:47 
Bogdan Kiselevich        0  0  0  -2  2   0  1  0  0  1  0/0    20:40   1:14   2:26 
Carl Grundstrom          0  1  1   0  0   0  1  0  0  1  4/8    23:22   1:14   3:49 
Cooper Marody            1  1  2   0  0   7  2  0  2  0  0/2    20:57   1:14   2:22 
Derek Barach             1  0  1   1  0   4  2  0  2  0  2/3     8:06   0:00   0:00 
Dylan Coghlan            0  0  0  -2  5   1  1  0  0  0  0/0    19:30   1:14   1:00 
Gustav Forsling          1  0  1   1  0   2  2  1  1  0  0/0    31:46   1:20   4:19 
Luca Sbisa               0  1  1   1  0   1  0  0  0  0  0/0    12:25   0:00   1:11 
Matthew Phillips         1  0  1   1  0   6  0  0  0  0  0/0    14:15   0:04   1:54 
Morgan Geekie            0  0  0   1  0   2  0  0  1  0  2/5    13:19   0:04   1:05 
Petrus Palmu             0  0  0   1  0   1  0  0  0  0  0/0     8:06   0:00   0:00 
Sean Walker              0  0  0   1  0   0  2  1  0  4  0/0    31:46   1:20   4:19 
Sheldon Rempal           0  1  1   1  0   1  1  1  0  0  1/1    14:03   0:04   1:46 
Sven Andrighetto         0  1  1  -2  0   3  1  0  1  1  0/0    15:13   1:16   0:00 
Trevor Smith             0  0  0  -2  0   0  1  0  1  1  0/0    15:13   1:16   0:00 
Vitaly Abramov           0  2  2   1  2   2  1  0  0  0  0/0     8:16   0:00   0:00 
Zach Whitecloud          0  0  0   1  0   1  1  0  0  0  0/0    12:55   0:00   1:56 

3 Stars

1 - Riley Barber (OCE)
2 - Connor Carrick (OCE)
3 - Andrew Mangiapane (DEV)

Power Play

Rimouski Oceanic - 1 on 3 Attempt(s) - 33,33%
Lowell Devils - 1 on 2 Attempt(s) - 50,00%

Penalty Kill

Rimouski Oceanic - 1 on 2 Attempt(s) - 50,00% - Score 0 goal in Penalty Kill
Lowell Devils - 2 on 3 Attempt(s) - 66,67% - Score 0 goal in Penalty Kill

Team Stat

Rimouski Oceanic - Hits : 11 - Faceoff Wins : 34 - Blocked Shots : 16 - Penalty Minutes : 4
Lowell Devils - Hits : 21 - Faceoff Wins : 28 - Blocked Shots : 5 - Penalty Minutes : 9

Official

Referees : Evgeny Romasko and Graham Skiliter
Linesman : Devin Berg and Bryan Pancich

Game Notes

No Game Note

Finance

Level 1 -- Attendance: 1621 (81,05%) -- Ticket Income 56 735 $
Level 2 -- Attendance: 800 (80,00%) -- Ticket Income 12 000 $
Total Attendance: 2421 (80,70%)
Total Ticket Income: 68 735 $
Other Income: 33 680 $
Total Income: 102 415 $

Rimouski Oceanic

5 vs 5 Forward 
   Center                   Left Wing                Right Wing               Time % Phy DF OF 
 1 Riley Barber             Nick Paul                Deven Sideroff           40     1   2  2  
 2 Felix Girard             Ryan Dmowski             Ryan MacInnis            30     1   2  2  
 3 Ryan MacInnis            Riley Barber             Nick Paul                20     1   2  2  
 4 Reid Duke                Felix Girard             Ryan Dmowski             10     1   2  2  

5 vs 5 Defense 
   Defense                  Defense                                           Time % Phy DF OF 
 1 Connor Clifton           Connor Carrick                                    40     1   2  2  
 2 Taylor Fedun             Dan Renouf                                        30     1   2  2  
 3 Andreas Englund          Mark Alt                                          20     1   2  2  
 4 Kyle Burroughs           Kyle Capobianco                                   10     1   2  2  

PowerPlay Forward 
   Center                   Left Wing                Right Wing               Time % Phy DF OF 
 1 Riley Barber             Nick Paul                Deven Sideroff           60     1   2  2  
 2 Felix Girard             Ryan Dmowski             Ryan MacInnis            40     1   2  2  

PowerPlay Defense
   Defense                  Defense                                           Time % Phy DF OF 
 1 Connor Clifton           Connor Carrick                                    60     1   2  2  
 2 Taylor Fedun             Dan Renouf                                        40     1   2  2  

Penalty Kill 4 Players Forward 
   Center                   Wing                     Time % Phy DF OF 
 1 Riley Barber             Nick Paul                60     1   2  2  
 2 Felix Girard             Ryan MacInnis            40     1   2  2  

Penalty Kill 4 Players Defense
   Defense                  Defense                  Time % Phy DF OF 
 1 Connor Clifton           Connor Carrick           60     1   2  2  
 2 Taylor Fedun             Dan Renouf               40     1   2  2  

Penalty Kill - 3 Players Forward 
   Forward                                           Time % Phy DF OF 
 1 Riley Barber                                      60     1   2  2  
 2 Nick Paul                                         40     1   2  2  

Penalty Kill - 3 Players Defense
   Defense                  Defense                  Time % Phy DF OF 
 1 Connor Clifton           Connor Carrick           60     1   2  2  
 2 Taylor Fedun             Dan Renouf               40     1   2  2  

4 vs 4 Forward 
   Center                   Wing                     Time % Phy DF OF 
 1 Riley Barber             Nick Paul                60     1   2  2  
 2 Felix Girard             Ryan MacInnis            40     1   2  2  

4 vs 4 Defense
   Defense                  Defense                  Time % Phy DF OF 
 1 Connor Clifton           Connor Carrick           60     1   2  2  
 2 Taylor Fedun             Dan Renouf               40     1   2  2  

Last Minutes Offensive
   Center                   Left Wing                Right Wing               Defense                  Defense                  
   Riley Barber             Nick Paul                Deven Sideroff           Connor Clifton           Connor Carrick           

Last Minutes Defensive
   Center                   Left Wing                Right Wing               Defense                  Defense                  
   Riley Barber             Nick Paul                Deven Sideroff           Connor Clifton           Connor Carrick           

Goaltenders
Starting : Chris Nell               
Backup : Filip Gustavsson         

Extra Forwards
Normal : Steven Fogarty, Reid Duke, Deven Sideroff - PP : Steven Fogarty, Reid Duke - PK : Deven Sideroff
Extra Defensemen
Normal : William Borgen, Jake Chelios, Andreas Englund - PP : William Borgen - PK : Jake Chelios, Andreas Englund
Penalty Shots
Riley Barber, Nick Paul, Felix Girard, Ryan MacInnis, Reid Duke

Scratches
Nicholas Baptiste (Healthy), Ben Sexton (Broken Bone (Right Ankle) Injury), Marco Roy (Healthy), Jeremy Gregoire (Healthy), Mark McNeill (Healthy)
Grayson Downing (Healthy), Tim Clifton (Healthy), Tyler Sikura (Healthy), Jordan Nolan (Healthy), Tyler Parsons (Healthy)

Lowell Devils

5 vs 5 Forward 
   Center                   Left Wing                Right Wing               Time % Phy DF OF 
 1 Andrew Mangiapane        Carl Grundstrom          Cooper Marody            40     1   2  2  
 2 Adam Gaudette            Trevor Smith             Sven Andrighetto         30     1   2  2  
 3 Morgan Geekie            Sheldon Rempal           Matthew Phillips         20     1   2  2  
 4 Derek Barach             Vitaly Abramov           Petrus Palmu             10     1   2  2  

5 vs 5 Defense 
   Defense                  Defense                                           Time % Phy DF OF 
 1 Gustav Forsling          Sean Walker                                       40     1   2  2  
 2 Dylan Coghlan            Bogdan Kiselevich                                 30     1   2  2  
 3 Luca Sbisa               Zach Whitecloud                                   20     1   2  2  
 4 Gustav Forsling          Sean Walker                                       10     1   2  2  

PowerPlay Forward 
   Center                   Left Wing                Right Wing               Time % Phy DF OF 
 1 Andrew Mangiapane        Carl Grundstrom          Cooper Marody            60     1   2  2  
 2 Adam Gaudette            Trevor Smith             Sven Andrighetto         40     1   2  2  

PowerPlay Defense
   Defense                  Defense                                           Time % Phy DF OF 
 1 Gustav Forsling          Sean Walker                                       60     1   2  2  
 2 Dylan Coghlan            Bogdan Kiselevich                                 40     1   2  2  

Penalty Kill 4 Players Forward 
   Center                   Wing                     Time % Phy DF OF 
 1 Carl Grundstrom          Andrew Mangiapane        60     1   2  2  
 2 Cooper Marody            Adam Gaudette            40     1   2  2  

Penalty Kill 4 Players Defense
   Defense                  Defense                  Time % Phy DF OF 
 1 Gustav Forsling          Sean Walker              60     1   2  2  
 2 Dylan Coghlan            Bogdan Kiselevich        40     1   2  2  

Penalty Kill - 3 Players Forward 
   Forward                                           Time % Phy DF OF 
 1 Carl Grundstrom                                   60     1   2  2  
 2 Andrew Mangiapane                                 40     1   2  2  

Penalty Kill - 3 Players Defense
   Defense                  Defense                  Time % Phy DF OF 
 1 Gustav Forsling          Sean Walker              60     1   2  2  
 2 Dylan Coghlan            Bogdan Kiselevich        40     1   2  2  

4 vs 4 Forward 
   Center                   Wing                     Time % Phy DF OF 
 1 Carl Grundstrom          Andrew Mangiapane        60     1   2  2  
 2 Cooper Marody            Adam Gaudette            40     1   2  2  

4 vs 4 Defense
   Defense                  Defense                  Time % Phy DF OF 
 1 Gustav Forsling          Sean Walker              60     1   2  2  
 2 Dylan Coghlan            Bogdan Kiselevich        40     1   2  2  

Last Minutes Offensive
   Center                   Left Wing                Right Wing               Defense                  Defense                  
   Andrew Mangiapane        Carl Grundstrom          Cooper Marody            Gustav Forsling          Sean Walker              

Last Minutes Defensive
   Center                   Left Wing                Right Wing               Defense                  Defense                  
   Andrew Mangiapane        Carl Grundstrom          Cooper Marody            Gustav Forsling          Sean Walker              

Goaltenders
Starting : Max Lagace               
Backup : Pavel Francouz           

Extra Forwards
Normal : Morgan Geekie, Sheldon Rempal, Matthew Phillips - PP : Morgan Geekie, Sheldon Rempal - PK : Matthew Phillips
Extra Defensemen
Normal : Luca Sbisa, Zach Whitecloud, Dylan Coghlan - PP : Luca Sbisa - PK : Zach Whitecloud, Dylan Coghlan
Penalty Shots
Carl Grundstrom, Andrew Mangiapane, Cooper Marody, Adam Gaudette, Trevor Smith

Scratches
Egor Yakovlev (Healthy), Daniel Brickley (Healthy), Michal Neuvirth (Healthy), Shane Starrett (Healthy)

% Time on Ice - Rimouski Oceanic

Lines # - Real PCT - Wanted PCT - Time Play
Normal Forward
1 - 35% - 40% - 16:58
2 - 27% - 30% - 13:11
3 - 15% - 20% - 7:26
4 - 23% - 10% - 11:15
Normal Defense
1 - 40% - 40% - 19:33
2 - 30% - 30% - 14:36
3 - 18% - 20% - 8:53
4 - 12% - 10% - 5:48
PP Forward
1 - 59% - 60% - 4:46
2 - 41% - 40% - 3:18
PP Defense
1 - 64% - 60% - 5:08
2 - 36% - 40% - 2:56
PK Forward
1 - 82% - 60% - 2:06
2 - 18% - 40% - 0:28
PK Defense
1 - 59% - 60% - 1:31
2 - 41% - 40% - 1:03
PK3 Forward
1 - 0% - 60%
2 - 0% - 40%
PK3 Defense
1 - 0% - 60%
2 - 0% - 40%
44 Forward
1 - 72% - 60% - 3:35
2 - 28% - 40% - 1:25
44 Defense
1 - 63% - 60% - 3:09
2 - 37% - 40% - 1:51
Last Minute Offensive  - 0:32
Last Minute Defensive  - 0:00
Total
Forward - 65:00
Defense - 65:00

% Time on Ice - Lowell Devils

Lines # - Real PCT - Wanted PCT - Time Play
Normal Forward
1 - 33% - 40% - 16:05
2 - 29% - 30% - 13:57
3 - 22% - 20% - 10:43
4 - 17% - 10% - 8:06
Normal Defense
1 - 41% - 40% - 20:08
2 - 32% - 30% - 15:42
3 - 21% - 20% - 10:03
4 - 6% - 10% - 2:58
PP Forward
1 - 51% - 60% - 1:18
2 - 49% - 40% - 1:16
PP Defense
1 - 52% - 60% - 1:20
2 - 48% - 40% - 1:14
PK Forward
1 - 75% - 60% - 6:04
2 - 25% - 40% - 2:00
PK Defense
1 - 54% - 60% - 4:19
2 - 46% - 40% - 3:45
PK3 Forward
1 - 0% - 60%
2 - 0% - 40%
PK3 Defense
1 - 0% - 60%
2 - 0% - 40%
44 Forward
1 - 73% - 60% - 3:38
2 - 27% - 40% - 1:22
44 Defense
1 - 63% - 60% - 3:08
2 - 37% - 40% - 1:52
Last Minute Offensive  - 0:00
Last Minute Defensive  - 0:31
Total
Forward - 65:00
Defense - 65:00

Play-by-Play

1st period


0:01 of 1st period - Riley Barber wins face-off versus Andrew Mangiapane in neutral zone.
0:16 of 1st period - Snap shot by Andrew Mangiapane.
0:16 of 1st period - Stopped by Chris Nell with a rebound.
0:26 of 1st period - Connor Clifton is hit by Adam Gaudette.
0:52 of 1st period - Wrist shot by Sheldon Rempal.
0:52 of 1st period - Shot Hit the Post.
0:54 of 1st period - Slapshot by Zach Whitecloud.
0:54 of 1st period - Stopped by Chris Nell with a rebound.
0:56 of 1st period - Slapshot by Luca Sbisa.
0:56 of 1st period - Shot Misses the Net.
0:58 of 1st period - Snap shot by Sheldon Rempal.
0:58 of 1st period - Shot Misses the Net.
1:08 of 1st period - Snap shot by Derek Barach.
1:08 of 1st period - Stopped by Chris Nell without a rebound.
1:09 of 1st period - Derek Barach wins face-off versus Reid Duke in Rimouski Oceanic zone.
1:40 of 1st period - Snap shot by Andrew Mangiapane.
1:40 of 1st period - Stopped by Chris Nell without a rebound.
1:41 of 1st period - Felix Girard wins face-off versus Adam Gaudette in Rimouski Oceanic zone.
1:53 of 1st period - Off-side.
1:54 of 1st period - Andrew Mangiapane wins face-off versus Ryan MacInnis in neutral zone.
3:10 of 1st period - Wrist shot by Derek Barach.
3:10 of 1st period - Deflect By Vitaly Abramov.
3:10 of 1st period - Stopped by Chris Nell with a rebound.
3:42 of 1st period - Connor Carrick is hit by Cooper Marody and loses puck.
4:03 of 1st period - Sven Andrighetto is hit by Reid Duke and loses puck.
4:34 of 1st period - Wrist shot by Derek Barach.
4:34 of 1st period - Deflect By Morgan Geekie.
4:34 of 1st period - Stopped by Chris Nell without a rebound.
4:35 of 1st period - Morgan Geekie wins face-off versus Steven Fogarty in Rimouski Oceanic zone.
4:46 of 1st period - Snap shot by Sheldon Rempal.
4:46 of 1st period - Shot Blocked by Taylor Fedun.
4:52 of 1st period - Wrist shot by Sheldon Rempal.
4:52 of 1st period - Stopped by Chris Nell without a rebound.
4:53 of 1st period - Andrew Mangiapane wins face-off versus Ryan MacInnis in Rimouski Oceanic zone.
5:08 of 1st period - Slapshot by Andrew Mangiapane.
5:08 of 1st period - Shot Misses the Net.
5:45 of 1st period - Slapshot by Sheldon Rempal.
5:45 of 1st period - Shot Misses the Net.
5:47 of 1st period - Wrist shot by Matthew Phillips.
5:47 of 1st period - Shot Blocked by Taylor Fedun.
6:51 of 1st period - Snap shot by Vitaly Abramov.
6:51 of 1st period - Shot Misses the Net.
6:55 of 1st period - Wrist shot by Vitaly Abramov.
6:55 of 1st period - Shot Blocked by Ryan MacInnis.
6:57 of 1st period - Wrist shot by Petrus Palmu.
6:57 of 1st period - Stopped by Chris Nell without a rebound.
6:58 of 1st period - Nick Paul wins face-off versus Andrew Mangiapane in Rimouski Oceanic zone.
7:12 of 1st period - Snap shot by Cooper Marody.
7:12 of 1st period - Shot Misses the Net.
8:38 of 1st period - Deven Sideroff is hit by Andrew Mangiapane and loses puck.
8:43 of 1st period - Wrist shot by Andrew Mangiapane.
8:43 of 1st period - Goal by Andrew Mangiapane - Rimouski Oceanic : 0 - Lowell Devils : 1.
8:44 of 1st period - Riley Barber wins face-off versus Andrew Mangiapane in neutral zone.
9:03 of 1st period - Slapshot by Felix Girard.
9:03 of 1st period - Stopped by Max Lagace with a rebound.
9:51 of 1st period - Wrist shot by Petrus Palmu.
9:51 of 1st period - Shot Misses the Net.
9:53 of 1st period - Snap shot by Derek Barach.
9:53 of 1st period - Stopped by Chris Nell without a rebound.
9:54 of 1st period - Andrew Mangiapane wins face-off versus Ryan MacInnis in Rimouski Oceanic zone.
10:49 of 1st period - Icing by Riley Barber.
10:50 of 1st period - Andrew Mangiapane wins face-off versus Riley Barber in Rimouski Oceanic zone.
10:53 of 1st period - Wrist shot by Cooper Marody.
10:53 of 1st period - Shot Blocked by Riley Barber.
11:38 of 1st period - Ryan Dmowski is hit by Sheldon Rempal and loses puck.
12:06 of 1st period - Snap shot by Felix Girard.
12:06 of 1st period - Stopped by Max Lagace without a rebound.
12:07 of 1st period - Andrew Mangiapane wins face-off versus Riley Barber in Lowell Devils zone.
13:50 of 1st period - Snap shot by Sheldon Rempal.
13:50 of 1st period - Shot Misses the Net.
13:52 of 1st period - Slapshot by Matthew Phillips.
13:52 of 1st period - Stopped by Chris Nell without a rebound.
13:53 of 1st period - Felix Girard wins face-off versus Morgan Geekie in Rimouski Oceanic zone.
14:52 of 1st period - Slapshot by Vitaly Abramov.
14:52 of 1st period - Stopped by Chris Nell without a rebound.
14:53 of 1st period - Deven Sideroff wins face-off versus Derek Barach in Rimouski Oceanic zone.
14:53 of 1st period - Deven Sideroff is hit by Gustav Forsling.
15:05 of 1st period - Nick Paul is hit by Sean Walker and loses puck.
15:28 of 1st period - Wrist shot by Vitaly Abramov.
15:28 of 1st period - Shot Blocked by Taylor Fedun.
15:47 of 1st period - Wrist shot by Derek Barach.
15:47 of 1st period - Shot Misses the Net.
15:49 of 1st period - Snap shot by Petrus Palmu.
15:49 of 1st period - Deflect By Derek Barach.
15:49 of 1st period - Shot Misses the Net.
15:49 of 1st period - Puck is out of play.
15:50 of 1st period - Andrew Mangiapane wins face-off versus Ryan MacInnis in Rimouski Oceanic zone.
15:51 of 1st period - Snap shot by Cooper Marody.
15:51 of 1st period - Shot Misses the Net.
16:05 of 1st period - Slapshot by Cooper Marody.
16:05 of 1st period - Shot Hit the Post.
17:14 of 1st period - Wrist shot by Cooper Marody.
17:14 of 1st period - Stopped by Chris Nell without a rebound.
17:15 of 1st period - Ryan MacInnis wins face-off versus Andrew Mangiapane in Rimouski Oceanic zone.
17:26 of 1st period - Ryan Dmowski is hit by Adam Gaudette.
17:38 of 1st period - Slapshot by Morgan Geekie.
17:38 of 1st period - Shot Misses the Net.
18:00 of 1st period - Reid Duke is hit by Dylan Coghlan.
18:25 of 1st period - Steven Fogarty is hit by Trevor Smith and loses puck.
18:30 of 1st period - Wrist shot by Sven Andrighetto.
18:30 of 1st period - Stopped by Chris Nell with a rebound.
19:20 of 1st period - Snap shot by Derek Barach.
19:20 of 1st period - Stopped by Chris Nell with a rebound.
19:32 of 1st period - Minor Penalty to Vitaly Abramov for Hooking.
19:33 of 1st period - Carl Grundstrom wins face-off versus Deven Sideroff in Lowell Devils zone.
Goals for this period are 0 for Rimouski Oceanic vs 1 for Lowell Devils.
Shots for this period are 2 for Rimouski Oceanic vs 15 for Lowell Devils.

2nd period


0:01 of 2nd period - Andrew Mangiapane wins face-off versus Riley Barber in neutral zone.
1:32 of 2nd period - Penalty to Vitaly Abramov is over, Vitaly Abramov is back on ice.
1:42 of 2nd period - Wrist shot by Steven Fogarty.
1:42 of 2nd period - Stopped by Max Lagace without a rebound.
1:43 of 2nd period - Reid Duke wins face-off versus Adam Gaudette in Lowell Devils zone.
1:44 of 2nd period - Wrist shot by Steven Fogarty.
1:44 of 2nd period - Deflect By Reid Duke.
1:44 of 2nd period - Goal by Reid Duke - Rimouski Oceanic : 1 - Lowell Devils : 1.
1:45 of 2nd period - Riley Barber wins face-off versus Andrew Mangiapane in neutral zone.
2:07 of 2nd period - Icing by Gustav Forsling.
2:08 of 2nd period - Felix Girard wins face-off versus Adam Gaudette in Lowell Devils zone.
2:15 of 2nd period - Snap shot by Sven Andrighetto.
2:15 of 2nd period - Stopped by Chris Nell with a rebound.
2:17 of 2nd period - Wrist shot by Adam Gaudette.
2:17 of 2nd period - Stopped by Chris Nell without a rebound.
2:18 of 2nd period - Riley Barber wins face-off versus Andrew Mangiapane in Rimouski Oceanic zone.
2:29 of 2nd period - Snap shot by Cooper Marody.
2:29 of 2nd period - Stopped by Chris Nell with a rebound.
2:31 of 2nd period - Snap shot by Cooper Marody.
2:31 of 2nd period - Shot Blocked by Nick Paul.
2:33 of 2nd period - Snap shot by Andrew Mangiapane.
2:33 of 2nd period - Stopped by Chris Nell without a rebound.
2:34 of 2nd period - Felix Girard wins face-off versus Adam Gaudette in Rimouski Oceanic zone.
2:47 of 2nd period - Snap shot by Adam Gaudette.
2:47 of 2nd period - Shot Hit the Post.
3:06 of 2nd period - Snap shot by Riley Barber.
3:06 of 2nd period - Stopped by Max Lagace with a rebound.
3:08 of 2nd period - Snap shot by Nick Paul.
3:08 of 2nd period - Shot Blocked by Sheldon Rempal.
5:18 of 2nd period - Off-side.
5:19 of 2nd period - Adam Gaudette wins face-off versus Deven Sideroff in neutral zone.
5:39 of 2nd period - Slapshot by Dylan Coghlan.
5:39 of 2nd period - Shot Blocked by Riley Barber.
5:41 of 2nd period - Snap shot by Andrew Mangiapane.
5:41 of 2nd period - Shot Blocked by Connor Carrick.
5:47 of 2nd period - Snap shot by Cooper Marody.
5:47 of 2nd period - Stopped by Chris Nell without a rebound.
5:48 of 2nd period - Felix Girard wins face-off versus Adam Gaudette in Rimouski Oceanic zone.
5:55 of 2nd period - Snap shot by Ryan Dmowski.
5:55 of 2nd period - Stopped by Max Lagace without a rebound.
5:56 of 2nd period - Felix Girard wins face-off versus Adam Gaudette in Lowell Devils zone.
5:57 of 2nd period - Wrist shot by Ryan Dmowski.
5:57 of 2nd period - Stopped by Max Lagace without a rebound.
5:58 of 2nd period - Felix Girard wins face-off versus Adam Gaudette in Lowell Devils zone.
5:59 of 2nd period - Slapshot by Ryan Dmowski.
5:59 of 2nd period - Goal by Ryan Dmowski - Rimouski Oceanic : 2 - Lowell Devils : 1.
6:00 of 2nd period - Riley Barber wins face-off versus Andrew Mangiapane in neutral zone.
6:09 of 2nd period - Wrist shot by Nick Paul.
6:09 of 2nd period - Stopped by Max Lagace with a rebound.
6:11 of 2nd period - Backhand shot by Nick Paul.
6:11 of 2nd period - Stopped by Max Lagace with a rebound.
6:13 of 2nd period - Snap shot by Nick Paul.
6:13 of 2nd period - Shot Misses the Net.
6:15 of 2nd period - Snap shot by Riley Barber.
6:15 of 2nd period - Stopped by Max Lagace without a rebound.
6:16 of 2nd period - Felix Girard wins face-off versus Adam Gaudette in Lowell Devils zone.
6:19 of 2nd period - Slapshot by Felix Girard.
6:19 of 2nd period - Shot Hit the Post.
6:21 of 2nd period - Wrist shot by Felix Girard.
6:21 of 2nd period - Shot Hit the Post.
6:23 of 2nd period - Slapshot by Connor Carrick.
6:23 of 2nd period - Shot Hit the Post.
6:25 of 2nd period - Wrist shot by Ryan Dmowski.
6:25 of 2nd period - Stopped by Max Lagace without a rebound.
6:26 of 2nd period - Adam Gaudette wins face-off versus Felix Girard in Lowell Devils zone.
7:07 of 2nd period - Icing by Felix Girard.
7:08 of 2nd period - Andrew Mangiapane wins face-off versus Ryan MacInnis in Rimouski Oceanic zone.
7:11 of 2nd period - Snap shot by Cooper Marody.
7:11 of 2nd period - Shot Misses the Net.
7:51 of 2nd period - Major Penalty to Dylan Coghlan for Boarding.
7:52 of 2nd period - Riley Barber wins face-off versus Carl Grundstrom in Lowell Devils zone.
8:08 of 2nd period - Snap shot by Deven Sideroff.
8:08 of 2nd period - Shot Blocked by Andrew Mangiapane.
8:54 of 2nd period - Steven Fogarty is hit by Bogdan Kiselevich and loses puck.
9:47 of 2nd period - Cooper Marody is hit by Felix Girard and loses puck.
10:20 of 2nd period - Sheldon Rempal is hit by Reid Duke and loses puck.
12:51 of 2nd period - Penalty to Dylan Coghlan is over, Dylan Coghlan is back on ice.
13:55 of 2nd period - Off-side.
13:56 of 2nd period - Andrew Mangiapane wins face-off versus Felix Girard in neutral zone.
14:03 of 2nd period - Wrist shot by Carl Grundstrom.
14:03 of 2nd period - Deflect By Cooper Marody.
14:03 of 2nd period - Stopped by Chris Nell without a rebound.
14:04 of 2nd period - Andrew Mangiapane wins face-off versus Felix Girard in Rimouski Oceanic zone.
14:46 of 2nd period - Snap shot by Trevor Smith.
14:46 of 2nd period - Deflect By Adam Gaudette.
14:46 of 2nd period - Stopped by Chris Nell without a rebound.
14:47 of 2nd period - Morgan Geekie wins face-off versus Riley Barber in Rimouski Oceanic zone.
14:48 of 2nd period - Wrist shot by Matthew Phillips.
14:48 of 2nd period - Stopped by Chris Nell with a rebound.
15:11 of 2nd period - Felix Girard is hit by Andrew Mangiapane.
15:36 of 2nd period - Wrist shot by Ryan MacInnis.
15:36 of 2nd period - Deflect By Ryan Dmowski.
15:36 of 2nd period - Stopped by Max Lagace without a rebound.
15:37 of 2nd period - Adam Gaudette wins face-off versus Reid Duke in Lowell Devils zone.
16:05 of 2nd period - Icing by Andrew Mangiapane.
16:06 of 2nd period - Andrew Mangiapane wins face-off versus Felix Girard in Lowell Devils zone.
18:06 of 2nd period - Reid Duke is hit by Sean Walker.
18:37 of 2nd period - Andreas Englund is hit by Derek Barach and loses puck.
19:06 of 2nd period - Snap shot by Cooper Marody.
19:06 of 2nd period - Goal by Cooper Marody - Rimouski Oceanic : 2 - Lowell Devils : 2.
19:07 of 2nd period - Riley Barber wins face-off versus Andrew Mangiapane in neutral zone.
19:18 of 2nd period - Snap shot by Riley Barber.
19:18 of 2nd period - Stopped by Max Lagace with a rebound.
19:20 of 2nd period - Slapshot by Connor Carrick.
19:20 of 2nd period - Shot Misses the Net.
Goals for this period are 2 for Rimouski Oceanic vs 1 for Lowell Devils.
Shots for this period are 12 for Rimouski Oceanic vs 9 for Lowell Devils.

3rd period


0:01 of 3rd period - Andrew Mangiapane wins face-off versus Riley Barber in neutral zone.
0:32 of 3rd period - Wrist shot by Felix Girard.
0:32 of 3rd period - Deflect By Ryan MacInnis.
0:32 of 3rd period - Shot Blocked by Adam Gaudette.
0:32 of 3rd period - Puck is out of play.
0:33 of 3rd period - Riley Barber wins face-off versus Adam Gaudette in Lowell Devils zone.
1:05 of 3rd period - Wrist shot by Carl Grundstrom.
1:05 of 3rd period - Shot Misses the Net.
1:07 of 3rd period - Snap shot by Cooper Marody.
1:07 of 3rd period - Shot Blocked by Felix Girard.
1:34 of 3rd period - Wrist shot by Derek Barach.
1:34 of 3rd period - Shot Blocked by Connor Clifton.
2:40 of 3rd period - Snap shot by Adam Gaudette.
2:40 of 3rd period - Stopped by Chris Nell without a rebound.
2:41 of 3rd period - Adam Gaudette wins face-off versus Riley Barber in Rimouski Oceanic zone.
2:52 of 3rd period - Wrist shot by Sven Andrighetto.
2:52 of 3rd period - Stopped by Chris Nell with a rebound.
3:06 of 3rd period - Kyle Capobianco is hit by Andrew Mangiapane and loses puck.
3:23 of 3rd period - Dylan Coghlan is hit by Connor Carrick and loses puck.
3:34 of 3rd period - Nick Paul is hit by Vitaly Abramov and loses puck.
3:41 of 3rd period - Snap shot by Gustav Forsling.
3:41 of 3rd period - Shot Misses the Net.
4:37 of 3rd period - Slapshot by Matthew Phillips.
4:37 of 3rd period - Stopped by Chris Nell with a rebound.
4:57 of 3rd period - Snap shot by Sven Andrighetto.
4:57 of 3rd period - Deflect By Trevor Smith.
4:57 of 3rd period - Shot Blocked by Andreas Englund.
4:57 of 3rd period - Puck is out of play.
4:58 of 3rd period - Andrew Mangiapane wins face-off versus Reid Duke in Rimouski Oceanic zone.
4:59 of 3rd period - Backhand shot by Cooper Marody.
4:59 of 3rd period - Stopped by Chris Nell without a rebound.
5:00 of 3rd period - Reid Duke wins face-off versus Carl Grundstrom in Rimouski Oceanic zone.
5:00 of 3rd period - Reid Duke is hit by Cooper Marody.
5:03 of 3rd period - Minor Penalty to Reid Duke for Roughing.
5:04 of 3rd period - Riley Barber wins face-off versus Andrew Mangiapane in Rimouski Oceanic zone.
5:20 of 3rd period - Wrist shot by Cooper Marody.
5:20 of 3rd period - Shot Blocked by Connor Clifton.
5:36 of 3rd period - Wrist shot by Adam Gaudette.
5:36 of 3rd period - Stopped by Chris Nell with a rebound.
5:38 of 3rd period - Snap shot by Gustav Forsling.
5:38 of 3rd period - Goal by Gustav Forsling - Rimouski Oceanic : 2 - Lowell Devils : 3.
5:39 of 3rd period - Felix Girard wins face-off versus Andrew Mangiapane in neutral zone.
6:46 of 3rd period - Slapshot by Sheldon Rempal.
6:46 of 3rd period - Shot Blocked by Dan Renouf.
6:50 of 3rd period - Slapshot by Sheldon Rempal.
6:50 of 3rd period - Shot Blocked by Taylor Fedun.
6:52 of 3rd period - Slapshot by Matthew Phillips.
6:52 of 3rd period - Goal by Matthew Phillips - Rimouski Oceanic : 2 - Lowell Devils : 4.
6:53 of 3rd period - Riley Barber wins face-off versus Andrew Mangiapane in neutral zone.
6:56 of 3rd period - Andrew Mangiapane is hit by Riley Barber and loses puck.
7:01 of 3rd period - Slapshot by Riley Barber.
7:01 of 3rd period - Stopped by Max Lagace without a rebound.
7:02 of 3rd period - Andrew Mangiapane wins face-off versus Riley Barber in Lowell Devils zone.
7:07 of 3rd period - Snap shot by Riley Barber.
7:07 of 3rd period - Shot Misses the Net.
7:09 of 3rd period - Snap shot by Nick Paul.
7:09 of 3rd period - Goal by Nick Paul - Rimouski Oceanic : 3 - Lowell Devils : 4.
7:10 of 3rd period - Riley Barber wins face-off versus Andrew Mangiapane in neutral zone.
7:21 of 3rd period - Snap shot by Nick Paul.
7:21 of 3rd period - Stopped by Max Lagace with a rebound.
7:23 of 3rd period - Backhand shot by Nick Paul.
7:23 of 3rd period - Shot Blocked by Gustav Forsling.
7:35 of 3rd period - Connor Carrick is hit by Sven Andrighetto and loses puck.
8:40 of 3rd period - Dylan Coghlan is hit by Connor Clifton and loses puck.
8:55 of 3rd period - Backhand shot by Morgan Geekie.
8:55 of 3rd period - Stopped by Chris Nell without a rebound.
8:56 of 3rd period - Sheldon Rempal wins face-off versus Ryan Dmowski in Rimouski Oceanic zone.
8:59 of 3rd period - Snap shot by Matthew Phillips.
8:59 of 3rd period - Stopped by Chris Nell with a rebound.
9:01 of 3rd period - Snap shot by Matthew Phillips.
9:01 of 3rd period - Stopped by Chris Nell with a rebound.
9:17 of 3rd period - Dan Renouf is hit by Zach Whitecloud and loses puck.
10:37 of 3rd period - Snap shot by Derek Barach.
10:37 of 3rd period - Shot Misses the Net.
10:39 of 3rd period - Snap shot by Vitaly Abramov.
10:39 of 3rd period - Shot Misses the Net.
10:41 of 3rd period - Snap shot by Derek Barach.
10:41 of 3rd period - Shot Blocked by Steven Fogarty.
11:52 of 3rd period - Connor Carrick is hit by Derek Barach and loses puck.
12:33 of 3rd period - Minor Penalty to Bogdan Kiselevich for Cross-checking.
12:34 of 3rd period - Carl Grundstrom wins face-off versus Riley Barber in Lowell Devils zone.
12:34 of 3rd period - Carl Grundstrom is hit by Riley Barber.
13:09 of 3rd period - Snap shot by Gustav Forsling.
13:09 of 3rd period - Stopped by Chris Nell without a rebound.
13:10 of 3rd period - Riley Barber wins face-off versus Cooper Marody in Rimouski Oceanic zone.
13:25 of 3rd period - Slapshot by Ryan MacInnis.
13:25 of 3rd period - Stopped by Max Lagace without a rebound.
13:26 of 3rd period - Ryan MacInnis wins face-off versus Carl Grundstrom in Lowell Devils zone.
13:27 of 3rd period - Slapshot by Connor Carrick.
13:27 of 3rd period - Shot Misses the Net.
13:29 of 3rd period - Slapshot by Connor Clifton.
13:29 of 3rd period - Stopped by Max Lagace with a rebound.
13:31 of 3rd period - Snap shot by Connor Carrick.
13:31 of 3rd period - Shot Misses the Net.
13:39 of 3rd period - Backhand shot by Connor Carrick.
13:39 of 3rd period - Goal by Connor Carrick - Rimouski Oceanic : 4 - Lowell Devils : 4.
13:40 of 3rd period - Andrew Mangiapane wins face-off versus Riley Barber in neutral zone.
14:05 of 3rd period - Cooper Marody is hit by Connor Clifton and loses puck.
14:34 of 3rd period - Snap shot by Sven Andrighetto.
14:34 of 3rd period - Shot Misses the Net.
14:40 of 3rd period - Minor Penalty to Felix Girard for Roughing.
14:41 of 3rd period - Riley Barber wins face-off versus Adam Gaudette in Rimouski Oceanic zone.
15:57 of 3rd period - Sven Andrighetto is hit by Connor Carrick and loses puck.
16:40 of 3rd period - Penalty to Felix Girard is over, Felix Girard is back on ice.
17:02 of 3rd period - Snap shot by Nick Paul.
17:02 of 3rd period - Shot Misses the Net.
17:04 of 3rd period - Snap shot by Steven Fogarty.
17:04 of 3rd period - Deflect By Nick Paul.
17:04 of 3rd period - Shot Misses the Net.
17:04 of 3rd period - Puck is out of play.
17:05 of 3rd period - Derek Barach wins face-off versus Felix Girard in Lowell Devils zone.
17:15 of 3rd period - Slapshot by Vitaly Abramov.
17:15 of 3rd period - Shot Blocked by Andreas Englund.
17:17 of 3rd period - Snap shot by Luca Sbisa.
17:17 of 3rd period - Deflect By Mark Alt.
17:17 of 3rd period - Stopped by Chris Nell with a rebound.
17:19 of 3rd period - Snap shot by Derek Barach.
17:19 of 3rd period - Goal by Derek Barach - Rimouski Oceanic : 4 - Lowell Devils : 5.
17:20 of 3rd period - Felix Girard wins face-off versus Morgan Geekie in neutral zone.
17:27 of 3rd period - Slapshot by Connor Carrick.
17:27 of 3rd period - Stopped by Max Lagace with a rebound.
18:56 of 3rd period - Off-side.
18:57 of 3rd period - Chris Dennis call a timeout for Rimouski Oceanic.
18:57 of 3rd period - Riley Barber wins face-off versus Cooper Marody in neutral zone.
19:00 of 3rd period - Rimouski Oceanic, Chris Nell is pulled from the net.
19:08 of 3rd period - Slapshot by Riley Barber.
19:08 of 3rd period - Shot Misses the Net.
19:10 of 3rd period - Wrist shot by Connor Clifton.
19:10 of 3rd period - Shot Misses the Net.
19:12 of 3rd period - Snap shot by Deven Sideroff.
19:12 of 3rd period - Stopped by Max Lagace without a rebound.
19:13 of 3rd period - Riley Barber wins face-off versus Andrew Mangiapane in Lowell Devils zone.
19:14 of 3rd period - Snap shot by Deven Sideroff.
19:14 of 3rd period - Stopped by Max Lagace without a rebound.
19:15 of 3rd period - Riley Barber wins face-off versus Andrew Mangiapane in Lowell Devils zone.
19:20 of 3rd period - Wrist shot by Riley Barber.
19:20 of 3rd period - Goal by Riley Barber - Rimouski Oceanic : 5 - Lowell Devils : 5.
19:20 of 3rd period - Chris Nell from Rimouski Oceanic was sent back in the game.
19:21 of 3rd period - Ryan MacInnis wins face-off versus Morgan Geekie in neutral zone.
Goals for this period are 3 for Rimouski Oceanic vs 3 for Lowell Devils.
Shots for this period are 10 for Rimouski Oceanic vs 13 for Lowell Devils.

Overtime #1


0:01 of 1st overtime period - Carl Grundstrom wins face-off versus Riley Barber in neutral zone.
0:04 of 1st overtime period - Connor Clifton is hit by Carl Grundstrom and loses puck.
0:13 of 1st overtime period - Slapshot by Connor Carrick.
0:13 of 1st overtime period - Stopped by Max Lagace without a rebound.
0:14 of 1st overtime period - Riley Barber wins face-off versus Carl Grundstrom in Lowell Devils zone.
0:57 of 1st overtime period - Snap shot by Ryan MacInnis.
0:57 of 1st overtime period - Shot Misses the Net.
1:22 of 1st overtime period - Cooper Marody is hit by Felix Girard and loses puck.
1:31 of 1st overtime period - Snap shot by Adam Gaudette.
1:31 of 1st overtime period - Shot Misses the Net.
1:33 of 1st overtime period - Slapshot by Dylan Coghlan.
1:33 of 1st overtime period - Stopped by Chris Nell with a rebound.
1:35 of 1st overtime period - Snap shot by Cooper Marody.
1:35 of 1st overtime period - Stopped by Chris Nell without a rebound.
1:36 of 1st overtime period - Carl Grundstrom wins face-off versus Riley Barber in Rimouski Oceanic zone.
2:48 of 1st overtime period - Slapshot by Ryan MacInnis.
2:48 of 1st overtime period - Stopped by Max Lagace with a rebound.
2:50 of 1st overtime period - Slapshot by Dan Renouf.
2:50 of 1st overtime period - Shot Misses the Net.
2:52 of 1st overtime period - Snap shot by Felix Girard.
2:52 of 1st overtime period - Shot Misses the Net.
2:54 of 1st overtime period - Slapshot by Taylor Fedun.
2:54 of 1st overtime period - Shot Misses the Net.
2:56 of 1st overtime period - Slapshot by Ryan MacInnis.
2:56 of 1st overtime period - Shot Blocked by Sean Walker.
4:22 of 1st overtime period - Nick Paul is hit by Gustav Forsling and loses puck.
4:58 of 1st overtime period - Matthew Phillips is hit by Riley Barber and loses puck.
Goals for this period are 0 for Rimouski Oceanic vs 0 for Lowell Devils.
Shots for this period are 2 for Rimouski Oceanic vs 2 for Lowell Devils.

ShootOut


5:00 of 1st overtime period - Round #1.
5:00 of 1st overtime period - Rimouski Oceanic, Riley Barber.
5:00 of 1st overtime period - Snap shot by Riley Barber.
5:00 of 1st overtime period - Stopped by Max Lagace.
5:00 of 1st overtime period - Lowell Devils, Carl Grundstrom.
5:00 of 1st overtime period - Deke by Carl Grundstrom.
5:00 of 1st overtime period - Stopped by Chris Nell.
5:00 of 1st overtime period - Round #2.
5:00 of 1st overtime period - Rimouski Oceanic, Nick Paul.
5:00 of 1st overtime period - Deke by Nick Paul.
5:00 of 1st overtime period - Shot Misses the Net.
5:00 of 1st overtime period - Lowell Devils, Andrew Mangiapane.
5:00 of 1st overtime period - Wrist shot by Andrew Mangiapane.
5:00 of 1st overtime period - Stopped by Chris Nell.
5:00 of 1st overtime period - Round #3.
5:00 of 1st overtime period - Rimouski Oceanic, Felix Girard.
5:00 of 1st overtime period - Snap shot by Felix Girard.
5:00 of 1st overtime period - Goal by Felix Girard.
5:00 of 1st overtime period - Lowell Devils, Cooper Marody.
5:00 of 1st overtime period - Wrist shot by Cooper Marody.
5:00 of 1st overtime period - Shot Misses the Net.